 Dungeon Crawl Stone Soup version 0.20.1-1-g8b1a95d (webtiles) character file.

68163 vatarom the Carver (level 14, 0/101 HPs)
             Began as a Demonspawn Gladiator on Sept 16, 2017.
             Was the Champion of Ru.
             Slain by a titan zombie (22 damage)
             ... on level 15 of the Dungeon.
             The game lasted 01:06:09 (26064 turns).

vatarom the Carver (Demonspawn Gladiator)          Turns: 26064, Time: 01:06:10

Health: 0/101      AC: 22    Str: 15    XL:     14   Next: 85%
Magic:  18/18      EV: 20    Int: 14    God:    Ru [******]
Gold:   1258       SH:  0    Dex: 21    Spells: 12/13 levels left

rFire    + . .     SeeInvis .   E - +1 double sword
rCold    + + .     Gourm    .   (no shield)
rNeg     . . .     Faith    .   M - +1 troll leather armour
rPois    +         Spirit   .   z - +0 hat
rElec    .         Reflect  .   p - +2 cloak
rCorr    .         Harm     .   U - +0 pair of gloves
MR       ++...                  g - +0 pair of boots
Stlth    ++++......             a - amulet of regeneration
Regen    1.1/turn               T - ring of Kisokaah {rF+ MR+ Int+4}
MPRegen  0.2/turn               I - ring of Zotouph {rPois rC+ Dex+4 Slay+3 Stlth+}

@: sanguine armour, studying Spellcasting
A: claws 2, horns 2, clumsy 1, cold resistance 1, frail 1, nightstalker 1,
poison resistance, freezing cloud immunity, no hexes magic, no poison magic, no
translocations magic, unskilled 1, missing an eye, sanguine armour 2
a: Draw Out Power, Power Leap, Apocalypse, Renounce Religion


You were on level 15 of the Dungeon.
You worshipped Ru.
Ru was exalted by your worship.
You were not hungry.

You visited 3 branches of the dungeon, and saw 22 of its levels.
You also visited: Labyrinth and Ossuary.

You collected 1714 gold pieces.
You spent 456 gold pieces at shops.

Inventory:

Hand Weapons
 u - a +3 long sword of venom
 E - a +1 double sword (weapon)
Missiles
 i - 17 tomahawks (quivered)
 l - 6 poisoned tomahawks
 J - 4 throwing nets
 Z - 3 tomahawks of returning
Armour
 g - a +0 pair of boots (worn)
 p - a +2 cloak (worn)
 z - a +0 hat (worn)
 M - a +1 troll leather armour (worn)
 U - a +0 pair of gloves (worn)
Jewellery
 a - an amulet of regeneration (around neck)
 I - the ring of Zotouph (right hand) {rPois rC+ Dex+4 Slay+3 Stlth+}
   (You found it in a labyrinth)

   [ring of poison resistance]

   It affects your dexterity (+4).
   It affects your accuracy and damage with ranged weapons and melee attacks
   (+3).
   It protects you from cold.
   It protects you from poison.
   It makes you more stealthy.
 T - the ring of Kisokaah (left hand) {rF+ MR+ Int+4}
   (You found it in a labyrinth)

   [ring of protection from magic]

   It affects your intelligence (+4).
   It protects you from fire.
   It affects your resistance to hostile enchantments.
Wands
 b - a wand of acid (0/15)
 m - a wand of paralysis (19/24)
 y - a wand of acid (7/15)
 L - a wand of iceblast (7/15)
 O - a wand of lightning (0/15)
 P - a wand of iceblast (0/15)
 Q - a wand of enslavement (14/24)
 V - a wand of disintegration (5/24)
Scrolls
 e - 3 scrolls of blinking
 o - 3 scrolls of amnesia
 t - 5 scrolls of enchant armour
 v - 16 scrolls of remove curse
 C - 5 scrolls of magic mapping
 D - 7 scrolls of teleportation
 R - 2 scrolls of fear
 X - a scroll of fog
Potions
 c - a potion of resistance
 d - 6 potions of agility
 j - 13 potions of curing
 k - 4 potions of heal wounds
 w - a potion of berserk rage
 x - 2 potions of flight
 A - 2 potions of invisibility
 B - 2 potions of lignification
 G - 3 potions of brilliance
 H - 6 potions of haste
 K - 2 potions of might
Books
 F - a manual of Spellcasting
 S - a book of Party Tricks

   Spells                             Type                      Level
   a - Summon Butterflies             Summoning                    1
   b - Apportation                    Translocation                1
   c - Lesser Beckoning               Translocation                3
   d - Tukima's Dance                 Hexes                        3
   e - Alistair's Intoxication        Transmutation/Poison         5
   f - Invisibility                   Hexes                        6
Miscellaneous
 n - a sack of spiders
 W - a lightning rod (2/4)
Comestibles
 f - 5 bread rations
 h - 18 royal jellies
 q - 9 meat rations
 r - 16 fruits
 s - 12 chunks of flesh


   Skills:
 - Level 11.2 Fighting
 + Level 13.7 Long Blades
 - Level 4.0 Throwing
 + Level 9.5 Armour
 - Level 9.5 Dodging
 - Level 6.2 Evocations


You had 12 spell levels left.
You knew the following spells:

 Your Spells              Type           Power        Failure   Level  Hunger
a - Summon Butterflies    Summ           #.......     34%         1    ##.....


Dungeon Overview and Level Annotations

Branches:
Dungeon (15/15)            Temple (1/1) D:4            Lair (6/6) D:8
  Swamp (0/4) Lair:2       Spider (0/4) Lair:2        Slime (0/5) Lair:5
    Orc (0/2) D:12         Vaults (0/5) D:13         Depths (0/5) D:15

Altars:
Ashenzari
Dithmenos
Elyvilon
Fedhas
Gozag
Hepliaklqana
Kikubaaqudgha
Makhleb
Nemelex Xobeh
Okawaru
Qazlal
Ru
Sif Muna
Trog
Uskayaw
Vehumet
Xom
Yredelemnul
Zin
The Shining One

Shops:
D:5 !   D:6 [}   D:7 *   D:9 !   D:10 *   D:12 }

Portals:
Hell: Lair:6

Annotations:
D:4 exclusion: statue


Innate Abilities, Weirdness & Mutations

You have very sharp fingernails.
You are clumsy. (Dex -2)
Your flesh is cold resistant. (rC+)
You are frail. (-10% HP)
You are slightly more attuned to the shadows.
You are immune to freezing clouds.
You cannot study or cast Hexes magic.
You cannot study or cast Poison magic.
You cannot study or cast Translocations magic.
You are somewhat unskilled. (-1 Apt)
You are missing an eye, making it more difficult to aim.
When seriously injured, your bleeding wounds create thick armour. (AC +9)
You have a pair of horns on your head.
Your system is resistant to poisons. (rPois)


Message History

The titan zombie hits you!
You hit the titan zombie but do no damage.
The titan zombie is moderately damaged.
The titan zombie misses you.
You slash the titan zombie!
The titan zombie is moderately damaged.
You slice the titan zombie!!
The titan zombie is heavily damaged.
The titan zombie hits you but does no damage.
You slash the titan zombie!
You headbutt the titan zombie, but do no damage.
The titan zombie is heavily damaged.
The titan zombie hits you!!
* * * LOW HITPOINT WARNING * * *
You slash the titan zombie!
The titan zombie is heavily damaged.
You slice the titan zombie!! You headbutt the titan zombie.
The titan zombie is severely damaged.
The titan zombie hits you!!
You die...

#..######...######.
#....# #.......... #....#
#.......... #....#
#.......... #..... .
#.......... #.....
..#....#############.....
.........................
.........Z...............
.....[.<@)..............#
.♣...))...............).#
≈≈.P.....................
♣.......^................
≈........................
..P.....................#
..######.....#######....#
#.....# #.....
#.....#.....


You could see a titan zombie.

Vanquished Creatures
  Gastronok (D:8)
  A minotaur (Lab)
  The ghost of kae the Martial Artist, a journeyman DsGl of Ru (Lair:2)
  An ogre mage (D:14)
  A vault guard (D:13)
  Harold (Lair:2)
  8 hydras
  Erolcha (D:12)
  A catoblepas (D:14)
  A death yak (Lair:6)
  10 two-headed ogres
  The ghost of kae the Martial Artist, a novice DsGl of Ru (D:10)
  A tengu warrior (D:15)
  A sun demon (Lair:6)
  A titan skeleton (D:15)
  2 skeletal warriors
  A wizard (Lair:6)
  2 unseen horrors
  A flayed ghost (D:15)
  A necromancer (D:15)
  2 manticores (D:14)
  4 ugly things
  2 cyclopes (D:11)
  4 elephants (Lair:4)
  A smoke demon (Lair:6)
  A centaur zombie (D:13)
  A black mamba (Lair:4)
  Psyche (D:8)
  An orange demon (Lair:6)
  4 gargoyles
  5 spiny frogs
  9 komodo dragons
  An efreet (D:14)
  A rime drake (Lair:6)
  2 red devils (Lair:6)
  3 ice devils (Lair:6)
  5 trolls
  The ghost of kae the Slasher, an amateur MiFi of Ru (D:4)
  A tengu conjurer (D:15)
  5 jumping spiders (Lair:2)
  A queen bee (Lair:2)
  A hornet (D:13)
  A queen bee (shapeshifter) (D:15)
  2 polar bears (Lair:3)
  Prince Ribbit (D:9)
  11 blink frogs
  A slime creature (Lair:5)
  3 dream sheep (Lair:6)
  A spriggan zombie (D:15)
  A minotaur skeleton (Lab)
  14 hippogriffs
  A shadow (D:11)
  30 yaks
  2 redbacks
  3 wyverns
  A wraith (D:12)
  5 basilisks
  3 hungry ghosts
  A harpy simulacrum (D:15)
  6 vampire mosquitoes
  5 swamp worms (Lair:2)
  5 hell hounds
  A human skeleton (D:15)
  7 water moccasins
  7 porcupines
  3 orc warriors
  2 sky beasts
  2 ice beasts
  A phantom (D:14)
  4 black bears
  3 necrophages
  A boggart (D:13)
  8 wolves
  8 centaurs
  8 ogres
  18 crocodiles
  A big kobold (shapeshifter) (D:15)
  An elf zombie (Ossuary)
  3 big kobolds
  12 bullfrogs
  An earth elemental (Lab)
  A water moccasin zombie (D:9)
  A wyvern skeleton (D:9)
  5 scorpions
  10 wights
  32 killer bees
  6 howler monkeys
  A spriggan skeleton (Lab)
  An electric eel (Lair:2)
  8 crimson imps
  4 bullfrog zombies
  8 jellies
  2 human zombies (Ossuary)
  7 hounds
  10 orc wizards
  4 orc priests
  2 centaur skeletons
  9 iguanas
  Terence (D:3)
  10 worker ants
  2 big kobold zombies (Ossuary)
  3 hound zombies
  5 mummies
  7 gnolls
  13 adders
  3 shadow imps
  3 oozes
  6 worms
  3 dart slugs
  5 leopard geckos
  42 orcs
  2 bats
  3 giant cockroaches
  7 goblins
  7 hobgoblins
  20 jackals
  23 kobolds
  9 quokkas
  A ball python (D:3)
  4 frilled lizards
  A goblin zombie (D:4)
  A jackal zombie (Ossuary)
  A kobold zombie (Ossuary)
  A leopard gecko skeleton (D:4)
  2 orc zombies (Ossuary)
  A quokka skeleton (D:5)
  5 rats
  3 rat zombies
587 creatures vanquished.

Vanquished Creatures (collateral kills)
  An ettin (D:11)
  A hydra (Lair:6)
2 creatures vanquished.

Vanquished Creatures (others)
  A death yak (Lair:6)
  An ugly thing (D:14)
  A komodo dragon (Lair:6)
  2 blink frogs
  A dream sheep (Lair:6)
  A yak (Lair:4)
  A vampire mosquito (D:13)
  A bullfrog (D:12)
  2 killer bees
  12 fungi
  4 plants
27 creatures vanquished.

Grand Total: 616 creatures vanquished

Notes
Turn   | Place    | Note
-------+----------+-------------------------------------------
     0 | D:1      | vatarom the Demonspawn Gladiator began the quest for the Orb.
     0 | D:1      | Reached XP level 1. HP: 16/16 MP: 1/1
   513 | D:1      | Reached skill level 3 in Long Blades
   527 | D:1      | Gained mutation: When seriously injured, your bleeding wounds create armour. (AC +9) [demonic ancestry]
   527 | D:1      | Reached XP level 2. HP: 17/22 MP: 2/2
  1096 | D:1      | Gained mutation: You have sharp fingernails. [demonic ancestry]
  1096 | D:1      | Reached XP level 3. HP: 22/28 MP: 3/3
  1497 | D:2      | Found a hide-covered altar of Uskayaw.
  1775 | D:2      | Reached skill level 4 in Long Blades
  1775 | D:2      | Reached XP level 4. HP: 34/34 MP: 4/4
  2031 | D:2      | Found an opulent altar of Gozag.
  2032 | D:2      | Found a glowing silver altar of Zin.
  2566 | D:3      | Gained mutation: When seriously injured, your bleeding wounds create thick armour. (AC +9) [demonic ancestry]
  2566 | D:3      | Reached XP level 5. HP: 23/41 MP: 5/5
  2949 | D:3      | Noticed Terence
  2962 | D:3      | Killed Terence
  2975 | D:3      | Reached skill level 5 in Long Blades
  3532 | D:4      | Noticed kae's ghost (amateur MiFi)
  3780 | D:4      | Reached XP level 6. HP: 47/48 MP: 6/6
  3799 | D:4      | Reached skill level 1 in Armour
  3825 | D:4      | Found a radiant altar of Vehumet.
  3841 | D:4      | Found a sand-covered staircase.
  3887 | Ossuary  | Entered an ossuary
  4014 | Ossuary  | Reached XP level 7. HP: 19/55 MP: 7/7
  4871 | D:4      | Found a deep blue altar of Sif Muna.
  4932 | D:4      | Killed kae's ghost
  4932 | D:4      | Reached skill level 5 in Fighting
  5214 | D:4      | Reached skill level 5 in Armour
  5229 | D:4      | Found a staircase to the Ecumenical Temple.
  5239 | Temple   | Entered the Ecumenical Temple
  5412 | Temple   | Became a worshipper of Ru the Awakened
  5461 | D:5      | Entered Level 5 of the Dungeon
  5490 | D:5      | Gained mutation: You are slightly more attuned to the shadows. [demonic ancestry]
  5490 | D:5      | Reached XP level 8. HP: 40/63 MP: 8/8
  5547 | D:5      | Found a hazy altar of Hepliaklqana.
  6225 | D:5      | Found Gamochakk's Distillery.
  6232 | D:5      | Bought a potion of mutation for 96 gold pieces
  6232 | D:5      | Gained mutation: You expend magic power (3 MP) to strengthen your wands. [potion of mutation]
  6232 | D:5      | Gained mutation: You are robust. (+10% HP) [potion of mutation]
  6232 | D:5      | Gained mutation: Your muscles are strong. (Str +2) [potion of mutation]
  6271 | D:5      | Lost mutation: You expend magic power (3 MP) to strengthen your wands. [potion of mutation]
  6271 | D:5      | Lost mutation: You are robust. (+10% HP) [potion of mutation]
  6271 | D:5      | Lost mutation: Your muscles are strong. (Str +2) [potion of mutation]
  6271 | D:5      | Gained mutation: You expend magic power (3 MP) to strengthen your wands. [potion of mutation]
  6271 | D:5      | Gained mutation: Your spells are a little harder to cast, but a little more powerful. [potion of mutation]
  6430 | D:5      | Bought a potion of mutation for 96 gold pieces
  6430 | D:5      | Lost mutation: You expend magic power (3 MP) to strengthen your wands. [potion of mutation]
  6430 | D:5      | Lost mutation: Your spells are a little harder to cast, but a little more powerful. [potion of mutation]
  6430 | D:5      | Gained mutation: You have a pair of small horns on your head. [potion of mutation]
  6430 | D:5      | Gained mutation: Your system is resistant to poisons. (rPois) [potion of mutation]
  6430 | D:5      | Gained mutation: You have a pair of horns on your head. [potion of mutation]
  6816 | D:6      | Found Demept's Gadget Boutique.
  6930 | D:6      | Got an iridescent mace
  6931 | D:6      | Identified the +9 mace of Zasium {freeze, Str+3} (You found it on level 6 of the Dungeon)
  6965 | D:6      | Found Sivear's Armour Shop.
  6982 | D:6      | Reached skill level 6 in Long Blades
  7369 | D:6      | Identified a scroll of acquirement
  7477 | D:7      | Found Hueh's Assorted Antiques.
  7491 | D:7      | Noticed a hippogriff
  7505 | D:7      | Killed a hippogriff
  7886 | D:7      | Found a bloodstained altar of Trog.
  7890 | D:7      | Reached XP level 9. HP: 70/71 MP: 9/9
  8156 | D:7      | Reached skill level 7 in Long Blades
  9045 | D:8      | Found a staircase to the Lair.
  9384 | D:8      | Noticed Psyche
  9391 | D:8      | Killed Psyche
  9391 | D:8      | Reached skill level 8 in Long Blades
  9391 | D:8      | Reached skill level 5 in Dodging
  9435 | D:8      | Found a white marble altar of Elyvilon.
  9638 | D:8      | Noticed Gastronok
 10295 | D:8      | Killed Gastronok
 10295 | D:8      | Reached skill level 9 in Long Blades
 10295 | D:8      | Gained mutation: Your flesh is cold resistant. (rC+) [demonic ancestry]
 10295 | D:8      | Reached XP level 10. HP: 81/81 MP: 10/10
 10569 | D:9      | Found Pofaurhe's Distillery.
 10586 | D:9      | Found a flagged portal.
 11141 | D:9      | Reached skill level 10 in Long Blades
 11345 | D:9      | Noticed Prince Ribbit
 11374 | D:9      | Killed Prince Ribbit
 11623 | D:9      | Gained mutation: You cannot study or cast Poison magic. [Ru sacrifice]
 11623 | D:9      | Gained mutation: You cannot study or cast Hexes magic. [Ru sacrifice]
 11623 | D:9      | Gained mutation: You cannot study or cast Translocations magic. [Ru sacrifice]
 11623 | D:9      | Reached * piety under Ru
 11966 | D:10     | Entered Level 10 of the Dungeon
 12098 | D:10     | Noticed a two-headed ogre
 12119 | D:10     | Killed a two-headed ogre
 12119 | D:10     | Reached XP level 11. HP: 82/89 MP: 11/11
 12159 | D:10     | Noticed kae's ghost (novice DsGl)
 12178 | D:10     | Killed kae's ghost
 12757 | D:10     | Found Buly's General Store.
 13073 | D:11     | Noticed an eight-headed hydra
 13199 | Lair:1   | Entered Level 1 of the Lair of Beasts
 13913 | Lair:2   | Noticed a four-headed hydra
 13921 | Lair:2   | Killed a four-headed hydra
 14089 | Lair:2   | Gained mutation: You are frail. (-10% HP) [Ru sacrifice]
 14089 | Lair:2   | Reached ** piety under Ru
 14089 | Lair:2   | Reached *** piety under Ru
 14269 | Lair:2   | Found a staircase to the Swamp.
 14468 | Lair:2   | Found a hole to the Spider Nest.
 14879 | Lair:2   | Noticed Harold
 14895 | Lair:2   | Killed Harold
 14895 | Lair:2   | Reached skill level 10 in Fighting
 15161 | Lair:2   | Gained mutation: You are immune to freezing clouds. [demonic ancestry]
 15161 | Lair:2   | Reached XP level 12. HP: 67/87 MP: 12/12
 15470 | Lair:2   | Noticed kae's ghost (journeyman DsGl)
 16052 | Lair:3   | Reached skill level 11 in Long Blades
 16802 | Lair:4   | Gained mutation: You are missing an eye, making it more difficult to aim. [Ru sacrifice]
 16802 | Lair:4   | Reached **** piety under Ru
 16816 | Lair:4   | Noticed a four-headed hydra
 16859 | Lair:4   | Killed a four-headed hydra
 16899 | Lair:4   | Noticed a six-headed hydra
 16907 | Lair:4   | Killed a six-headed hydra
 17563 | Lair:4   | Reached skill level 12 in Long Blades
 17921 | Lair:5   | Found a staircase to the Slime Pits.
 17934 | Lair:5   | Reached XP level 13. HP: 65/95 MP: 13/13
 18187 | Lair:5   | Got an emerald-encrusted leather armour
 18195 | Lair:5   | Identified the cursed +0 leather armour of the Imp {Regen+ Slay+2} (You found it on level 5 of the Lair of Beasts)
 18574 | Lair:6   | Entered Level 6 of the Lair of Beasts
 18684 | Lair:6   | Gained mutation: You are clumsy. (Dex -2) [Ru sacrifice]
 18684 | Lair:6   | Reached ***** piety under Ru
 19001 | Lair:6   | Reached skill level 10 in Dodging
 19135 | Lair:6   | Found a labyrinth entrance.
 19144 | Lab      | Entered a labyrinth
 19762 | Lab      | Noticed a minotaur
 19775 | Lab      | Killed a minotaur
 19780 | Lab      | Got a translucent wooden ring
 19780 | Lab      | Got a translucent wooden ring
 19782 | Lab      | Identified the ring of Zotouph {rPois rC+ Dex+4 Slay+3 Stlth+} (You found it in a labyrinth)
 19783 | Lab      | Identified the ring of Kisokaah {rF+ MR+ Int+4} (You found it in a labyrinth)
 19937 | Lair:6   | Reached skill level 13 in Long Blades
 20203 | D:6      | Bought a +1 troll leather armour for 264 gold pieces
 20331 | Lair:2   | Killed kae's ghost
 20874 | Lair:6   | Reached skill level 1 in Evocations
 21077 | Lair:6   | Found a burning altar of Makhleb.
 21313 | Lair:6   | Found a gateway to Hell.
 21835 | D:11     | Reached skill level 5 in Evocations
 22011 | D:11     | Found a runed door.
 22137 | D:11     | Noticed an ettin
 22315 | D:11     | Gained mutation: You have very sharp fingernails. [demonic ancestry]
 22315 | D:11     | Reached XP level 14. HP: 103/103 MP: 18/18
 22316 | D:11     | Gained mutation: You are somewhat unskilled. (-1 Apt) [Ru sacrifice]
 22316 | D:11     | Reduced skill Long Blades to level 12
 22316 | D:11     | Reached ****** piety under Ru
 22625 | D:11     | Got a crude trident
 22627 | D:11     | Identified the +9 trident of False Hope {speed, +Fly rPois rC- Dex-5} (You found it on level 11 of the Dungeon)
 22755 | D:12     | Found a deep blue altar of Sif Muna.
 23179 | D:12     | Found Joraig's Gadget Boutique.
 23284 | D:12     | Found a staircase to the Orcish Mines.
 23292 | D:12     | Noticed Erolcha
 23299 | D:12     | Killed Erolcha
 23760 | D:13     | Learned a level 1 spell: Summon Butterflies
 24133 | D:13     | Found a gate to the Vaults.
 24240 | D:13     | Reached skill level 13 in Long Blades
 25506 | D:15     | Entered Level 15 of the Dungeon
 25626 | D:15     | Got a steaming copper ring
 25627 | D:15     | Identified the ring of Moitysm {rPois MR+ Str-2 Int+4 Dex+2} (You found it on level 15 of the Dungeon)
 25847 | D:14     | Paralysed by an ogre mage for 4 turns
 25997 | D:15     | Found a staircase to the Depths.
 26064 | D:15     | Slain by a titan zombie

Skill      XL: |  1  2  3  4  5  6  7  8  9 10 11 12 13 14 |
---------------+-------------------------------------------+-----
Long Blades    | 3 4 5 6 9 10 12 13 13 | 13.7
Fighting       | 3 4 5 6 8 9 10 11 12 11 | 11.2
Armour         | 2 5 6 8 9 |  9.5
Dodging        | 3 6 7 8 9 10 9 |  9.5
Throwing       | 4 |  4.0
Evocations     | 5 6 |  6.2

Action                   |  1- 3 |  4- 6 |  7- 9 | 10-12 | 13-15 || total
-------------------------+-------+-------+-------+-------+-------++-------
Melee: Long sword        |   104 |   218 |   402 |       |       ||   724
       Headbutt          |       |       |    68 |   244 |   270 ||   582
       Double sword      |       |       |    26 |   743 |   841 ||  1610
Throw: Throwing net      |     2 |     4 |     4 |     3 |       ||    13
       Tomahawk          |       |       |     9 |    14 |    31 ||    54
 Cast: Summon Butterflie |       |       |       |       |     1 ||     1
Invok: Sacrifice Arcana  |       |       |       |     1 |       ||     1
       Sacrifice Health  |       |       |       |     1 |       ||     1
       Draw Out Power    |       |       |       |     1 |       ||     1
       Sacrifice an Eye  |       |       |       |     1 |       ||     1
       Apocalypse        |       |       |       |       |     1 ||     1
       Sacrifice Purity  |       |       |       |       |     1 ||     1
       Sacrifice Skill   |       |       |       |       |     1 ||     1
Evoke: Wand              |       |       |     1 |    19 |    31 ||    51
       Sack of spiders   |       |       |       |       |     6 ||     6
       Lightning rod     |       |       |       |       |     2 ||     2
  Use: Scroll            |     5 |     2 |    12 |    15 |    12 ||    46
       Potion            |       |     7 |     6 |     2 |     4 ||    19
 Stab: Held in net/web   |     2 |       |     2 |     1 |       ||     5
       Distracted        |       |     1 |       |     5 |     6 ||    12
       Paralysed         |       |       |       |     7 |     9 ||    16
       Sleeping          |       |       |       |     6 |    17 ||    23
       Invisible         |       |       |       |     3 |    13 ||    16
       Petrified         |       |       |       |       |     4 ||     4
       Petrifying        |       |       |       |       |     1 ||     1
  Eat: Chunk             |     3 |     7 |    13 |    16 |    18 ||    57
       Royal jelly       |       |       |     2 |       |       ||     2
       Fruit             |       |       |     2 |       |       ||     2
       Bread ration      |       |       |     1 |     2 |     3 ||     6
Armor: Leather armour    |    55 |    32 |       |       |     3 ||    90
       Scale mail        |       |    69 |   230 |    80 |       ||   379
       Troll leather arm |       |       |       |    29 |   153 ||   182
       Ring mail         |       |       |       |   133 |    46 ||   179
Dodge: Dodged            |    91 |   142 |   221 |   629 |   694 ||  1777
       Rpst.: Long sword |    31 |    48 |    62 |       |       ||   141
       Double sword      |       |       |       |   165 |   164 ||   329
